 Dungeon Crawl Stone Soup version 0.32-a0-981-g384da2ce10 (webtiles) character file.

Game seed: 6186603794553274384

8 GiantSquids the Changeling (level 2, 0/18 HPs)
             Began as an Octopode Shapeshifter on Apr 21, 2024.
             Slain by a goblin
             ... wielding a +0 club
              (4 damage)
             ... on level 1 of the Dungeon.
             The game lasted 00:00:33 (187 turns).

GiantSquids the Changeling (Octopode Shapeshifter)   Turns: 187, Time: 00:00:34

Health: 0/18       AC:  1    Str: 13    XL:     2   Next: 8%
Magic:  2/2        EV: 12    Int: 12    God:
Gold:   16         SH:  0    Dex: 11    Spells: 1/1 levels left

rFire   . .          .
                       - Unarmed
rCold   . . .        (no shield)
rNeg    . . .        (helmet currently unavailable)
rPois   .            (no amulet)
rElec   .            (no ring)
rCorr   .            (no ring)
SInv    .            (no ring)
Will    .....        (no ring)
Stlth   +++          (no ring)
HPRegen 0.23/turn    (no ring)
MPRegen 0.08/turn    (no ring)
                     (no ring)

%: no passive effects
@: beast-form
A: beast (slay +1), almost no armour, amphibious, 8 rings, camouflage 1,
gelatinous body 1, (nimble swimmer 1), tentacles
a: Begin Untransformation


You were on level 1 of the Dungeon.
You were a hulking beast.
You visited 1 branch of the dungeon, and saw 1 of its levels.

You collected 16 gold pieces.

Inventory:

Missiles
 e - 5 javelins (quivered)
Talismans
 b - a beast talisman (active)
 c - a flux talisman
Scrolls
 f - a scroll of fear {unknown}
 g - a scroll of teleportation {unknown}
Potions
 a - a potion of lignification
 d - a potion of mutation {unknown}


   Skills:
 - Level 1.0 Fighting
 - Level 2.0 Dodging
 + Level 1.2 Stealth
 - Level 3.0 Unarmed Combat
 * Level 3.3 Shapeshifting


You had one spell level left.
You didn't know any spells.
Your spell library was empty.

Dungeon Overview and Level Annotations

Branches:
Dungeon (1/15)

Altars:


Innate Abilities, Weirdness & Mutations

You are a hulking beast.
Your limbs bulge with bestial killing power. (Slay +1)
You cannot wear most types of armour.
You are amphibious.
You can wear up to eight rings at the same time.
Your skin changes colour to match your surroundings (Stealth+).
Your rubbery body absorbs attacks. (AC +1, EV +1)
((You are camouflaged when in or above water. (Stealth+)))
You have tentacles for arms and can constrict up to eight enemies at once.


Message History

A jackal comes into view.
A jackal comes into view.
The jackal barks! x2
A jackal comes into view.
The jackal moves out of view.
The jackal barks!
A goblin comes into view. It is wielding a +0 club.
You completely miss the jackal. You grab the jackal. You constrict the jackal.
The jackal struggles to escape constriction.
You tentacle-slap the jackal.
The jackal is severely wounded.
You constrict the jackal.
You kill the jackal!
The jackal closely misses you.
You have reached level 2!
You tentacle-slap the jackal. Your grab misses the jackal.
The jackal is almost dead.
The jackal barely misses you. x2; The jackal bites you. x2
You tentacle-slap the jackal.
You kill the jackal!
The jackal stops to sniff the ground.
The jackal closely misses you.
You closely miss the quokka. Your grab misses the quokka. The quokka bites you.
The jackal bites you. The quokka barely misses you.
You tentacle-slap the quokka. Your grab misses the quokka.
You squeeze the quokka.
The quokka is heavily wounded.
The jackal bites you. The quokka closely misses you.
You barely miss the quokka. You grab the quokka.
The quokka is heavily wounded.
You constrict the quokka. The jackal closely misses you. The quokka bites you.
The goblin hits you with a +0 club. The jackal bites you.
* * * LOW HITPOINT WARNING * * *
You barely miss the quokka.
You squeeze the quokka, but do no damage.
The quokka is almost dead.
You constrict the quokka.
You kill the quokka!
The jackal barely misses you. The goblin hits you with a +0 club.
You die...

#... ....# # #..>
....... . ####...#
#...#.#.# #
........####...#.#.#.#
....................
.....#..#........ .
#.†#g.....#..# ...
#.hh....#.#..###..#
#.....##..............
#..........###........
#....####............#
##.......#...##.#.###..
.........#.[.##........
...#.....#...#.........
.......................
............###....###.


You could see a jackal and a goblin.

Vanquished Creatures
  2 ball pythons (D:1)
  A giant cockroach (D:1)
  A hobgoblin (D:1)
  2 jackals (D:1)
  A quokka (D:1)
7 creatures vanquished.

Notes
Turn   | Place    | Note
-------+----------+-------------------------------------------
     0 | D:1      | GiantSquids the Octopode Shapeshifter began the quest for
                  | the Orb.
     0 | D:1      | Reached XP level 1. HP: 13/13 MP: 1/1
   130 | D:1      | Reached skill level 1 in Stealth
   182 | D:1      | Reached XP level 2. HP: 18/18 MP: 2/2
   187 | D:1      | Slain by a goblin

Illustrated notes

Levels and vault maps discovered:
D:1:      amcnicky_arrival_underground_garden, layout_basic

Skill      XL: |  1 |
---------------+----+-----
Stealth        | 1 |  1.2
Fighting       | |  1.0
Dodging        | |  2.0
Unarmed Combat | |  3.0
Shapeshifting  | |  3.3

Action                     || total
---------------------------++-------
  Melee: Unarmed           ||    14
         Constrict         ||     3
         Tentacles         ||     3
   Stab: Sleeping          ||     1
 Armour: Skin              ||    16
  Dodge: Dodged            ||     9

Table legend: (Time is in decaauts)
 A = Elapsed time spent in this place.
 B = Non-inter-level travel time spent in this place.
 C = Inter-level travel time spent in this place.
 D = Time resting spent in this place.
 E = Time spent auto-exploring this place.
 F = Levels seen in this place.
 G = Mean time per level.
                   A        B        C        D        E       F      G
               +--------+--------+--------+--------+--------+-----+--------+
         Total |    186 |    186 |      0 |      0 |    140 |   1 |  186.0 |
       Dungeon |    186 |    186 |      0 |      0 |    140 |   1 |  186.0 |
               +--------+--------+--------+--------+--------+-----+--------+

Top non-repeatable levels by time:
     D:1: 186 daAuts
